 Dungeon Crawl Stone Soup version 0.23.2-40-g277498a001 (webtiles) character file.

Game seed: 17846780256457655974

95 bepis228 the Skirmisher (level 4, -5/41 HPs)
             Began as a Hill Orc Berserker on Oct 9, 2019.
             Was a Believer of Trog.
             Slain by a gnoll
             ... wielding a +0 spear
              (7 damage)
             ... on level 3 of the Dungeon.
             The game lasted 00:13:21 (1218 turns).

bepis228 the Skirmisher (Hill Orc Berserker)        Turns: 1218, Time: 00:13:22

Health: -5/41      AC:  4    Str: 20    XL:     4   Next: 66%
Magic:  4/4        EV:  9    Int:  7    God:    Trog [**....]
Gold:   41         SH:  0    Dex: 10    Spells: 3/3 levels left

rFire    . . .     SeeInvis .   a - +1 mace
rCold    . . .     Gourm    .   (no shield)
rNeg     . . .     Faith    .   h - +1 leather armour
rPois    .         Spirit   .   (no helmet)
rElec    .         Reflect  .   (no cloak)
rCorr    .         Harm     .   (no gloves)
MR       .....                  (no boots)
Stlth    +.........             (no amulet)
HPRegen  0.13/turn              v - ring of flight
MPRegen  0.09/turn              (no ring)

@: lethally poisoned (-5 -> -6), berserk cooldown, slowed, constricted, very
slow
A: no striking features
a: Berserk, Trog's Hand, Renounce Religion, Evoke Flight


You were on level 3 of the Dungeon.
You worshipped Trog.
Trog was pleased with you.
You were not hungry.

You visited 1 branch of the dungeon, and saw 3 of its levels.

You collected 41 gold pieces.

Inventory:

Hand Weapons
 a - a +1 mace (weapon)
 c - a +0 club
 f - a +0 dagger
 g - a +0 whip
 i - a +0 dagger
 j - a +0 hunting sling
 k - a +0 club
 n - a +0 dagger
 q - a +0 club
 r - a +0 club
 s - a +0 short sword
Missiles
 e - 9 poisoned needles
 u - 30 bolts
Armour
 b - a +0 animal skin
 h - a +1 leather armour (worn)
 l - a +0 chain mail
 o - a +0 ring mail
Jewellery
 v - a ring of flight (left hand)
Scrolls
 d - 3 scrolls of enchant weapon
Potions
 m - a potion of heal wounds
Comestibles
 p - 2 chunks of flesh


   Skills:
 + Level 4.3 Fighting
 + Level 4.2 Maces & Flails
 + Level 3.5 Armour
 + Level 1.9 Dodging


You had 3 spell levels left.
You didn't know any spells.
Your spell library was empty.

Dungeon Overview and Level Annotations

Branches:
Dungeon (3/15)

Altars:
Hepliaklqana


Message History

The ball python bites you but does no damage.
The ball python constricts you. The frilled lizard bites you.
The gnoll barely misses you. x2
You closely miss the ball python. The ball python bites you.
* * * LOW HITPOINT WARNING * * *
The ball python constricts you. The goblin closely misses you.
The kobold hits you but does no damage.
The gnoll hits you from afar with a +0 spear.
* * * LOW HITPOINT WARNING * * *
The frilled lizard closely misses you. The gnoll closely misses you.
The gnoll hits you from afar with a +0 spear.
* * * LOW HITPOINT WARNING * * *
The gnoll hits you.
* * * LOW HITPOINT WARNING * * *
The ball python bites you but does no damage.
The ball python constricts you. The goblin hits you but does no damage.
The kobold closely misses you. The gnoll closely misses you.
The frilled lizard barely misses you.
The gnoll hits you from afar with a +0 spear!
You die...

#....[[#.....
##.(...#...!
#.......#
#.<.†...#
#..>....##
##..w....##.
#..gSg......
#..ggl..###.
#..g@S..#
##...K.#.(..
##...##....
##### ... ##


You could see a worm, 4 gnolls, a goblin, 2 ball pythons, a kobold and a frilled
lizard.

Vanquished Creatures
  A worker ant (D:2)
  3 adders
  An ooze (D:2)
  A worm (D:2)
  A leopard gecko (D:2)
  An orc (D:3)
  3 ball pythons
  2 giant cockroaches (D:2)
  8 goblins
  2 hobgoblins
  A quokka (D:2)
  3 bats
  2 frilled lizards
  4 kobolds
  3 rats (D:1)
36 creatures vanquished.

Notes
Turn   | Place    | Note
-------+----------+-------------------------------------------
     0 | D:1      | bepis228 the Hill Orc Berserker began the quest for the
                  | Orb.
     0 | D:1      | Reached XP level 1. HP: 19/19 MP: 1/1
   321 | D:1      | Reached XP level 2. HP: 25/27 MP: 2/2
   779 | D:2      | Reached XP level 3. HP: 19/33 MP: 3/3
   836 | D:2      | Found a hazy altar of Hepliaklqana.
   888 | D:2      | Reached ** piety under Trog
   988 | D:2      | Reached XP level 4. HP: 19/40 MP: 4/4
  1218 | D:3      | HP: 2/41 [gnoll (4)]
  1218 | D:3      | Slain by a gnoll

Skill      XL: |  1  2  3 |
---------------+----------+-----
Fighting       | 4 |  4.3
Maces & Flails | 4 |  4.2
Armour         | 3 |  3.5
Dodging        | |  1.9

Action                   |  1- 3 |  4- 6 || total
-------------------------+-------+-------++-------
Melee: Mace              |    98 |    15 ||   113
Invok: Berserk           |       |     1 ||     1
       Trog's Hand       |       |     1 ||     1
  Use: Scroll            |     9 |       ||     9
       Potion            |     4 |       ||     4
  Eat: Ration            |     1 |       ||     1
Armor: Leather armour    |    22 |    13 ||    35
Dodge: Dodged            |    66 |    36 ||   102
